 Dungeon Crawl Stone Soup version 0.29.1 (webtiles) character file.

Game seed: 9970619987792000273

2040 qw the Cleaver (level 9, -4/82 HPs)
             Began as a Minotaur Berserker on Sept 13, 2022.
             Was a Priest of Trog.
             Slain by an orc wizard
             ... wielding a +0 dagger of electrocution
              (11 damage)
             ... on level 6 of the Dungeon.
             The game lasted 00:02:13 (6024 turns).

qw the Cleaver (Minotaur Berserker)                 Turns: 6024, Time: 00:02:13

Health: -4/82      AC:  6    Str: 25    XL:     9   Next: 4%
Magic:  8/8        EV: 11    Int:  4    God:    Trog [***...]
Gold:   345        SH:  0    Dex: 11    Spells: 8/8 levels left

rFire   . . .      SeeInvis .   Y - +0 war axe
rCold   . . .      Faith    .   (no shield)
rNeg    . . .      Spirit   .   b - +0 scale mail
rPois   .          Reflect  .   (helmet restricted)
rElec   .          Harm     .   (no cloak)
rCorr   .          Rampage  .   (no gloves)
Will    .....                   (no boots)
Stlth   ..........              (no amulet)
HPRegen 0.23/turn               (no ring)
MPRegen 0.11/turn               (no ring)

@: on berserk cooldown, slowed, very slow
A: horns 2, retaliatory headbutt
a: Renounce Religion, Berserk, Trog's Hand


You were on level 6 of the Dungeon.
You worshipped Trog.
Trog was most pleased with you.
You visited 1 branch of the dungeon, and saw 6 of its levels.

You collected 345 gold pieces.


Innate Abilities, Weirdness & Mutations

You have a pair of horns on your head.
You reflexively headbutt those who attack you in melee.


   Skills:
 - Level 8.6 Fighting
 + Level 12.0 Axes
 - Level 3.0 Armour
 - Level 3.0 Dodging


You had 8 spell levels left.
You didn't know any spells.
Your spell library was empty.

Inventory:

Hand Weapons
 a - a +0 flail
 Y - a +0 war axe (weapon)
Armour
 b - a +0 scale mail (worn)
 i - a +0 pair of gloves
Scrolls
 f - a scroll of enchant armour
Potions
 c - a potion of mutation {unknown}
 d - a potion of heal wounds {unknown}
 e - 2 potions of curing {unknown}
 g - a potion of might {unknown}

Dungeon Overview and Level Annotations

Branches:
Dungeon (6/15)
 Temple: D:4-7

Altars:
Xom

Annotations:
D:2 1 runed translucent door, Crazy Yiuf
D:5 3 runed translucent doors, qw's ghost, novice GrFi


Message History

You feel strangely unstable.
The sentinel's mark upon you fades away.
The sky beast misses you.
You closely miss the sky beast.
The sky beast is moderately wounded.
The sky beast flickers out of sight!
Deactivating autopickup; reactivate with Ctrl-A.
Something hits you. Something shocks you.
Something hits you but does no damage.
You closely miss something. Your headbutt misses something.
Your surroundings suddenly seem different.
You swing at nothing.
You swing at nothing.
You swing at nothing.
You swing at nothing.
You swing at nothing.
You swing at nothing.
You swing at nothing.
An orc wizard comes into view.
It is wielding a +0 dagger of electrocution.
An orc wizard comes into view. It is wielding a +0 dagger.
A howler monkey comes into view.
The orc wizard casts a spell.
The orc wizard flickers and vanishes!
Something hits you but does no damage.
The howler monkey howls!
You hit the orc wizard. You headbutt the orc wizard!
The orc wizard is almost dead.
You closely miss something.
The howler monkey hoots and howls with incredible vigour!
The orc wizard closely misses you. Something hits you.
You hit the orc wizard but do no damage.
You headbutt the orc wizard.
You kill the orc wizard!
Trog accepts your kill.
Trog appreciates your killing of a magic user.
You hit something. Something hits you but does no damage.
The howler monkey hoots and howls with incredible vigour!
Your Dodging skill increases to level 3!
Something hits you. x2; You are electrocuted!
You die...

#. #.# #. #.# ## #.#
#.# ##. ##..## #.###
##.. #....#
#...####... ##....##
#........). #......#
##.......){.
#......####..###..##)#
#..##.@..##..##
####8.8
...##.......%## #.)).
..##h.###)..## #8....
..#..# #...# #......
...# #...## ##8......
...# #..#..##.'.......
... #.####..#.#8......
.. ... ##.<.##......
... #.....#


You could see a howler monkey.

Vanquished Creatures
  A two-headed ogre (D:5)
  Pikel (D:5)
  Menkaure (D:5)
  A phantom (D:3)
  3 lemures (D:5)
  A gnoll sergeant (D:5)
  A bullfrog (D:6)
  A scorpion (D:4)
  A necrophage (D:6)
  A howler monkey (D:4)
  An orc priest (D:6)
  Terence (D:2)
  Ijyb (D:5)
  2 iguanas (D:5)
  5 orc wizards
  Robin (D:3)
  4 gnolls (D:5)
  6 adders
  2 river rats (D:3)
  A shadow imp (D:6)
  2 ufetubi (D:5)
  4 worms
  4 dart slugs
  17 orcs
  5 ball pythons
  2 endoplasms
  6 giant cockroaches
  25 goblins
  8 hobgoblins
  7 kobolds
  12 bats
  2 frilled lizards
  7 rats
137 creatures vanquished.

Notes
Turn   | Place    | Note
-------+----------+-------------------------------------------
     0 | D:1      | qw the Minotaur Berserker began the quest for the Orb.
     0 | D:1      | Reached XP level 1. HP: 19/19 MP: 0/0
     0 | D:1      | 0 ||| qw: Version: 0.1-a-119-g272c26d
     0 | D:1      | 0 ||| qw: Game counter: 11161
     0 | D:1      | 0 ||| qw: Always use a shield: true
     0 | D:1      | 0 ||| qw: Do Orc after D:15 true
     0 | D:1      | 0 ||| qw: Do second Lair branch before Depths: true
     0 | D:1      | 0 ||| qw: Lair rune preference: random
     0 | D:1      | 0 ||| qw: Plans: Normal
     0 | D:1      | 0 ||| PLANNING D:1-11
   150 | D:1      | Reached skill level 4 in Axes
   152 | D:1      | 152 ||| Stepping ~*~*~tactically~*~*~ (stealth).
   232 | D:1      | 232 ||| Stepping ~*~*~tactically~*~*~ (stealth).
   242 | D:1      | Reached XP level 2. HP: 26/26 MP: 1/1
   251 | D:1      | Found a faded altar of an unknown god.
   362 | D:1      | 362 ||| Stepping ~*~*~tactically~*~*~ (stealth).
   363 | D:1      | 363 ||| Stepping ~*~*~tactically~*~*~ (stealth).
   365 | D:1      | 365 ||| Stepping ~*~*~tactically~*~*~ (stealth).
   366 | D:1      | 366 ||| Stepping ~*~*~tactically~*~*~ (stealth).
   367 | D:1      | 367 ||| Stepping ~*~*~tactically~*~*~ (stealth).
   495 | D:1      | Reached skill level 5 in Axes
   533 | D:1      | Reached XP level 3. HP: 30/31 MP: 2/2
   587 | D:1      | Reached ** piety under Trog
   798 | D:1      | 798 ||| UPGRADING to +0 leather armour.
   808 | D:1      | 808 ||| DROPPING +0 animal skin.
   809 | D:1      | 809 ||| READING scroll labelled SONTIL WEPE.
   823 | D:2      | Found a shimmering altar of Xom.
   829 | D:2      | Noticed Terence
   833 | D:2      | 833 ||| INVOKING Berserk.
   835 | D:2      | Killed Terence
  1067 | D:2      | 1067 ||| UPGRADING to +0 scale mail.
  1070 | D:2      | 1070 ||| FLEEEEING.
  1071 | D:2      | 1071 ||| FLEEEEING.
  1073 | D:2      | 1073 ||| FLEEEEING.
  1074 | D:2      | 1074 ||| FLEEEEING.
  1075 | D:2      | 1075 ||| FLEEEEING.
  1086 | D:2      | Reached XP level 4. HP: 32/39 MP: 3/3
  1134 | D:2      | 1134 ||| UPGRADING to +0 scale mail.
  1144 | D:2      | 1144 ||| DROPPING +0 leather armour.
  1171 | D:2      | Reached skill level 6 in Axes
  1601 | D:2      | Found a runed translucent door.
  1602 | D:2      | Noticed Crazy Yiuf
  1648 | D:3      | 1648 ||| PLANNING SEWER
  1649 | D:3      | 1649 ||| STAIRDANCE
  1756 | D:3      | 1756 ||| STAIRDANCE
  1894 | D:3      | Noticed a phantom
  1903 | D:3      | Killed a phantom
  1904 | D:3      | Reached skill level 7 in Axes
  1904 | D:3      | Reached XP level 5. HP: 39/45 MP: 4/4
  2074 | D:3      | 2074 ||| Stepping ~*~*~tactically~*~*~ (stealth).
  2111 | D:3      | 2111 ||| Stepping ~*~*~tactically~*~*~ (hiding).
  2250 | D:3      | 2250 ||| SWAPPING to +0 war axe.
  2251 | D:3      | 2251 ||| DROPPING +0 hand axe.
  2301 | D:3      | 2301 ||| Stepping ~*~*~tactically~*~*~ (hiding).
  2332 | D:3      | 2332 ||| RIP SEWER
  2351 | D:3      | 2351 ||| PLANNING D:1-11
  2373 | D:3      | Noticed Robin
  2380 | D:3      | 2380 ||| INVOKING Berserk.
  2382 | D:3      | Killed Robin
  2504 | D:3      | 2504 ||| Stepping ~*~*~tactically~*~*~ (stealth).
  2508 | D:3      | 2508 ||| Stepping ~*~*~tactically~*~*~ (stealth).
  2512 | D:3      | 2512 ||| Stepping ~*~*~tactically~*~*~ (stealth).
  2513 | D:3      | 2513 ||| Stepping ~*~*~tactically~*~*~ (stealth).
  2735 | D:3      | Reached *** piety under Trog
  2974 | D:3      | 2974 ||| DROPPING ring of flight.
  2975 | D:3      | 2975 ||| READING scroll labelled XODUTEWNOAKH.
  2976 | D:3      | 2976 ||| READING scroll labelled PIBBATWUGI.
  2977 | D:3      | 2977 ||| READING scroll labelled AGYRCH PEID.
  2981 | D:3      | 2981 ||| READING scroll labelled ZUOTEA GADUG.
  2982 | D:3      | 2982 ||| DRINKING 3 green potions.
  2983 | D:3      | 2983 ||| DRINKING 2 silvery potions.
  2984 | D:3      | 2984 ||| DROPPING 2 potions of flight.
  2985 | D:3      | 2985 ||| DROPPING potion of degeneration.
  2986 | D:3      | 2986 ||| Stepping randomly (stuck).
  2987 | D:3      | 2987 ||| Stepping ~*~*~tactically~*~*~ (cloud).
  3244 | D:4      | 3244 ||| Stepping ~*~*~tactically~*~*~ (stealth).
  3255 | D:4      | Reached skill level 8 in Axes
  3255 | D:4      | Reached XP level 6. HP: 49/52 MP: 5/5
  3268 | D:4      | 3268 ||| Stepping ~*~*~tactically~*~*~ (stealth).
  3273 | D:4      | 3273 ||| Stepping ~*~*~tactically~*~*~ (hiding).
  3277 | D:4      | 3277 ||| INVOKING Berserk.
  3419 | D:4      | 3419 ||| INVOKING Berserk.
  3583 | D:4      | 3583 ||| Stepping ~*~*~tactically~*~*~ (stealth).
  3593 | D:4      | 3593 ||| FLEEEEING.
  3774 | D:4      | 3774 ||| Stepping ~*~*~tactically~*~*~ (stealth).
  3782 | D:4      | Reached skill level 9 in Axes
  3868 | D:4      | 3868 ||| Stepping ~*~*~tactically~*~*~ (stealth).
  3878 | D:4      | 3878 ||| FLEEEEING.
  3879 | D:4      | 3879 ||| FLEEEEING.
  3880 | D:4      | 3880 ||| FLEEEEING.
  3943 | D:4      | 3943 ||| FLEEEEING.
  3944 | D:4      | 3944 ||| FLEEEEING.
  3994 | D:4      | 3994 ||| FLEEEEING.
  3995 | D:4      | 3995 ||| FLEEEEING.
  4051 | D:4      | 4051 ||| FLEEEEING.
  4052 | D:4      | 4052 ||| FLEEEEING.
  4053 | D:4      | 4053 ||| FLEEEEING.
  4054 | D:4      | 4054 ||| FLEEEEING.
  4055 | D:4      | 4055 ||| FLEEEEING.
  4056 | D:4      | 4056 ||| FLEEEEING.
  4140 | D:4      | 4140 ||| FLEEEEING.
  4141 | D:4      | 4141 ||| FLEEEEING.
  4142 | D:4      | 4142 ||| FLEEEEING.
  4187 | D:4      | 4187 ||| FLEEEEING.
  4248 | D:4      | 4248 ||| FLEEEEING.
  4249 | D:4      | 4249 ||| FLEEEEING.
  4318 | D:4      | 4318 ||| FLEEEEING.
  4319 | D:4      | 4319 ||| FLEEEEING.
  4320 | D:4      | 4320 ||| FLEEEEING.
  4321 | D:4      | 4321 ||| FLEEEEING.
  4574 | D:4      | 4574 ||| READING scroll labelled HAYNKE UQOSAY.
  4575 | D:4      | 4575 ||| READING scroll labelled ARGHOU AJERA.
  4586 | D:5      | Entered Level 5 of the Dungeon
  4667 | D:5      | 4667 ||| Stepping ~*~*~tactically~*~*~ (stealth).
  4672 | D:5      | Noticed Menkaure
  4673 | D:5      | 4673 ||| Stepping ~*~*~tactically~*~*~ (stealth).
  4677 | D:5      | 4677 ||| Stepping ~*~*~tactically~*~*~ (hiding).
  4680 | D:5      | 4680 ||| INVOKING Berserk.
  4683 | D:5      | HP: 19/78 [??? (17)]
  4684 | D:5      | Killed Menkaure
  4685 | D:5      | Reached XP level 7. HP: 22/61 MP: 6/6
  4999 | D:5      | Noticed a two-headed ogre
  5001 | D:5      | 5001 ||| INVOKING Berserk.
  5005 | D:5      | Killed a two-headed ogre
  5006 | D:5      | Reached skill level 11 in Axes
  5006 | D:5      | Reached XP level 8. HP: 69/69 MP: 7/7
  5179 | D:5      | Noticed Pikel
  5182 | D:5      | 5182 ||| Stepping ~*~*~tactically~*~*~ (stealth).
  5193 | D:5      | 5193 ||| INVOKING Berserk.
  5196 | D:5      | Noticed Ijyb
  5208 | D:5      | Killed Ijyb
  5209 | D:5      | Killed Pikel
  5440 | D:5      | Found a runed translucent gate.
  5440 | D:5      | Found a runed translucent gate.
  5440 | D:5      | Found a runed translucent gate.
  5440 | D:5      | Noticed qw's ghost (novice GrFi)
  5452 | D:5      | 5452 ||| Stepping ~*~*~tactically~*~*~ (hiding).
  5462 | D:5      | 5462 ||| INVOKING Berserk.
  5466 | D:5      | HP: 28/112 [gnoll/+0 spear[a gnoll sergeant] (2)]
  5871 | D:5      | 5871 ||| READING 2 scrolls labelled JEOFEXAELL.
  5915 | D:6      | Reached skill level 12 in Axes
  5980 | D:6      | 5980 ||| Stepping ~*~*~tactically~*~*~ (hiding).
  5990 | D:6      | 5990 ||| INVOKING Berserk.
  5995 | D:6      | Reached skill level 3 in Armour
  5998 | D:6      | Reached XP level 9. HP: 52/82 MP: 8/8
  6008 | D:6      | HP: 19/82 [sky beast (4)]
  6009 | D:6      | 6009 ||| READING scroll of teleportation.
  6010 | D:6      | HP: 9/82 [something (5)]
  6022 | D:6      | HP: 10/82 [something (2)]
  6024 | D:6      | Reached skill level 3 in Dodging
  6024 | D:6      | Slain by an orc wizard

Levels and vault maps discovered:
D:1:      noname_arrival_rooms_in_the_neighbourhood, layout_loops_ring,
          hellmonk_ecumenical_altar_blasted, grunt_decor_resistance,
          dk_noncrumbling_3
D:2:      layout_loops_ring, basic_altar, serial_glass, glass_columns_c,
          glass_columns_c, grunt_decor_one_mirror, uniq_terence,
          uniq_crazy_yiuf_cottage
D:3:      layout_loops_cross, lightli_sewer_entry_pipes, uniq_robin
D:4:      layout_basic, minmay_goblin_outpost
D:5:      layout_basic, ebering_ghost_rock_garden, uniq_ijyb, uniq_pikel,
          uniq_menkaure
D:6:      layout_layer_cave, hangedman_abyss_or_decor_stagger,
          dk_noncrumbling_4, hangedman_abyss_or_decor_stabs, uniq_sigmund

Skill      XL: |  1  2  3  4  5  6  7  8  9 |
---------------+----------------------------+-----
Axes           | 4 5 7 8 9 11 12 | 12.0
Fighting       | 4 5 8 |  8.6
Armour         | 3 |  3.0
Dodging        | 3 |  3.0

Action                   |  1- 3 |  4- 6 |  7- 9 || total
-------------------------+-------+-------+-------++-------
Melee: Hand axe          |    58 |    40 |       ||    98
       Headbutt          |     7 |    24 |    10 ||    41
       War axe           |       |   152 |    87 ||   239
       Punch             |       |     2 |     1 ||     3
Invok: Berserk           |     1 |     4 |     4 ||     9
  Use: Scroll            |     1 |     6 |     2 ||     9
       Potion            |       |     2 |       ||     2
Armor: Animal skin       |     9 |       |       ||     9
       Leather armour    |     3 |       |       ||     3
       Scale mail        |       |    88 |    28 ||   116
Dodge: Dodged            |    37 |   106 |    29 ||   172

Table legend:
 A = Non-vault XP
 B = Vault XP
 C = Vault XP percentage of total XP
 D = Non-vault monster count
 E = Vault monster count
 F = Vault count percentage of total count
                 A         B        C        D         E       F
            +---------+---------+-------+---------+---------+-------
      Total |    1866 |    1049 |  36.0 |     102 |      32 |  23.9
            +---------+---------+-------+---------+---------+-------
        D:1 |      49 |       0 |   0.0 |      28 |       0 |   0.0
        D:2 |      29 |      38 |  56.7 |      15 |       1 |   6.2
        D:3 |     130 |     118 |  47.6 |       9 |      22 |  71.0
        D:4 |     252 |      12 |   4.5 |      22 |       6 |  21.4
        D:5 |    1093 |     881 |  44.6 |      15 |       3 |  16.7
        D:6 |     313 |       0 |   0.0 |      13 |       0 |   0.0
            +---------+---------+-------+---------+---------+-------
